 Dungeon Crawl Stone Soup version 0.16-a0-2970-ge3807df (webtiles) character file.

1433 Johnny the Firebug (level 8, -1/62 HPs)
             Began as a Demigod Fire Elementalist on Dec 5, 2014.
             Slain by an orc warrior
             ... wielding a +0 short sword of speed
              (9 damage)
             ... on level 6 of the Dungeon.
             The game lasted 00:11:36 (5683 turns).

Johnny the Firebug (Demigod Fire Elementalist)      Turns: 5683, Time: 00:11:37

Health: -1/62      AC: 10    Str: 11    XL:     8   Next: 21%
Magic:  7/21       EV: 16    Int: 19    God:
Gold:   231        SH:  0    Dex: 20    Spells: 3 memorised, 5 levels left

rFire  . . .     SeeInvis .     q - +0 mace (protect)
rCold  . . .     Clarity  .     a - +0 robe
rNeg   . . .     SustAb   +     (no shield)
rPois  .         Gourm    .     (no helmet)
rElec  .         Spirit   .     l - +0 cloak
rCorr  .         Warding  .     r - +0 pair of gloves
rMut   .         Stasis   .     o - +0 pair of boots
MR     .....                    (no amulet)
Stlth  ++........               (no ring)
                                i - ring of flight

@: very slightly contaminated, not resistant to hostile enchantments, unstealthy
A: sustain abilities
a: Evoke Flight


You were on level 6 of the Dungeon.
You were not hungry.

You visited 1 branch of the dungeon, and saw 6 of its levels.

You collected 231 gold pieces.

Inventory:

Hand weapons
 k - a +1 flail of holy wrath
 q - a +0 mace of protection (weapon)
Armour
 a - a +0 robe (worn)
 l - a +0 cloak (worn)
 o - a +0 pair of boots (worn)
 r - a +0 pair of gloves (worn)
Jewellery
 i - a ring of flight (left hand)
 x - the cursed necklace of Bloodlust {*Rage +Rage MR+ Str+2 Int-2 Slay+3 Curse}
   (You found it on level 5 of the Dungeon)

   [amulet of rage]

   It affects your strength (+2).
   It affects your intelligence (-2).
   It affects your accuracy and damage with ranged weapons and melee attacks
   (+3).
   It affects your resistance to hostile enchantments.
   It lets you go berserk.
   It may make you go berserk in combat.
   It may recurse itself when equipped.
   It has a curse placed upon it.
Magical devices
 f - a wand of disintegration (1)
 v - a wand of digging (7)
 w - a wand of lightning (0)
 y - a wand of slowing (30)
Scrolls
 d - a scroll of remove curse
 e - a scroll of fear {unknown}
 g - a scroll of enchant weapon {unknown}
 n - a scroll of summoning {unknown}
 t - 2 scrolls of immolation
Potions
 j - 3 potions of curing
 m - 2 potions of ambrosia
 p - a potion of magic
 u - a potion of poison {unknown}
Books
 b - a book of Flames

   Spells                             Type                      Level
   a - Flame Tongue                   Conjuration/Fire             1
   b - Throw Flame                    Conjuration/Fire             2
   c - Conjure Flame                  Conjuration/Fire             3
   d - Inner Flame                    Hexes/Fire                   3
   e - Sticky Flame                   Conjuration/Fire             4
   f - Fireball                       Conjuration/Fire             5
Comestibles
 c - 5 bread rations
 s - 2 meat rations
 z - 5 fruits


   Skills:
 + Level 2.7 Fighting
 * Level 4.7 Dodging
 - Level 1.7 Stealth
 * Level 4.0 Spellcasting
 * Level 4.3 Conjurations
 * Level 5.2 Fire Magic
 + Level 2.1 Evocations


You had 5 spell levels left.
You knew the following spells:

 Your Spells              Type           Power        Failure   Level  Hunger
a - Flame Tongue          Conj/Fire      ###..        1%          1    None
b - Sticky Flame          Conj/Fire      ###.....     21%         4    ####...
c - Fireball              Conj/Fire      ###.......   63%         5    ######.


Dungeon Overview and Level Annotations

Branches:
Dungeon (6/15)
 Temple: D:4-7

Annotations:
D:6 exclusion: statue


Innate Abilities, Weirdness & Mutations

Your attributes are resistant to harm.


Message History

The orc warrior misses you. The orc closely misses you.
Unknown command.
You barely miss the orc warrior.
The orc warrior is severely wounded.
The orc warrior hits you but does no damage.
The orc closely misses you.
You hit the orc warrior but do no damage.
The orc warrior is severely wounded.
The orc warrior hits you with a short sword of speed!
The orc barely misses you.
The orc warrior hits you but does no damage.
Unknown command.
You hit the orc warrior but do no damage.
The orc warrior is severely wounded.
The orc warrior hits you with a short sword of speed!
* * * LOW HITPOINT WARNING * * *
The orc hits you with a flail.
* * * LOW HITPOINT WARNING * * *
The orc warrior hits you with a short sword of speed!
You die...

... ♣...♣ ♣♣.....♣ ..
♣♣.....a.♣
...##♣...≈≈≈... ..#
........≈≈≈≈≈....>..#
#..[o.≈≈♣≈≈.......#
#o@≈≈≈≈≈.......#
###...≈≈≈........#
#............ ...#
.......##......#. ..#
....#####.....### #.#
. .. #####(##### #<#
...#. #.....# #)#
....#. #.##### #.#
#...#.###.##### #.#


You could see an orc warrior, a worker ant (sleeping) and an orc.

Vanquished Creatures
  Edmund (D:4)
  An ice beast (D:6)
  A centaur (D:5)
  2 ogres
  A scorpion (D:5)
  An orc priest (D:5)
  A giant frog zombie (D:5)
  2 crimson imps (D:5)
  A quasit (D:5)
  An iguana (D:5)
  5 orc wizards
  2 giant frog skeletons
  A centaur zombie (D:5)
  A jelly (D:5)
  4 hounds
  3 worker ants
  A centaur skeleton (D:5)
  A hound zombie (D:5)
  7 adders
  3 gnolls (D:4)
  A giant mite (D:2)
  3 worms
  2 giant geckos
  An ooze (D:2)
  19 orcs
  5 bats
  A bat skeleton (D:4)
  6 giant cockroaches
  9 goblins
  9 hobgoblins
  7 jackals
  3 ball pythons
  A ball python skeleton (D:4)
  A giant gecko zombie (D:5)
  3 giant newts
  8 kobolds
  2 quokka skeletons (D:5)
  15 rats
136 creatures vanquished.

Notes
Turn   | Place    | Note
--------------------------------------------------------------
     0 | D:1      | Johnny, the Demigod Fire Elementalist, began the quest for the Orb.
     0 | D:1      | Reached XP level 1. HP: 14/14 MP: 3/3
    41 | D:1      | Reached skill level 1 in Conjurations
   600 | D:1      | Reached XP level 2. HP: 15/20 MP: 1/4
  1051 | D:2      | Reached skill level 3 in Fire Magic
  1130 | D:2      | Reached XP level 3. HP: 13/27 MP: 0/8
  2462 | D:3      | Reached XP level 4. HP: 18/34 MP: 1/10
  2472 | D:3      | Learned a level 4 spell: Sticky Flame
  2684 | D:3      | Reached skill level 1 in Fighting
  2882 | D:3      | Found an ancient bone altar of Kikubaaqudgha.
  3097 | D:4      | Reached XP level 5. HP: 35/40 MP: 5/12
  3736 | D:4      | Noticed Edmund
  3806 | D:4      | Killed Edmund
  3806 | D:4      | Reached skill level 4 in Fire Magic
  3806 | D:4      | Reached XP level 6. HP: 32/48 MP: 0/16
  4226 | D:5      | Entered Level 5 of the Dungeon
  4277 | D:5      | Reached skill level 1 in Evocations
  4368 | D:5      | Reached XP level 7. HP: 48/55 MP: 4/18
  4814 | D:5      | Learned a level 5 spell: Fireball
  4969 | D:5      | Found a stormy altar of Qazlal.
  5001 | D:5      | Found a basalt altar of Yredelemnul.
  5214 | D:5      | Found a snail-covered altar of Cheibriados.
  5217 | D:5      | Found a sparkling altar of Nemelex Xobeh.
  5269 | D:5      | Reached skill level 5 in Fire Magic
  5365 | D:5      | HP: 1/56 [disintegration (22)]
  5497 | D:6      | Reached XP level 8. HP: 47/62 MP: 14/20
  5599 | D:6      | Found a radiant altar of Vehumet.
  5683 | D:6      | Slain by an orc warrior

Action                   |  1- 3 |  4- 6 |  7- 9 || total
-------------------------+-------+-------+-------++-------
Melee: Whip              |    31 |       |       ||    31
       Unarmed           |    12 |       |       ||    12
       Mace              |    60 |   106 |    93 ||   259
       Dagger            |    19 |       |       ||    19
       Flail             |       |    13 |     3 ||    16
 Cast: Flame Tongue      |    69 |   109 |    61 ||   239
       Sticky Flame      |       |       |    13 ||    13
Evoke: Wand              |       |     3 |       ||     3
  Use: Scroll            |     2 |     4 |     1 ||     7
       Potion            |       |     1 |     1 ||     2
 Stab: Sleeping          |     3 |     2 |     2 ||     7
  Eat: Chunk             |     6 |     6 |     7 ||    19
